 Dungeon Crawl Stone Soup version 0.17-a0-913-g36eb389 (webtiles) character file.

7147 UseBlinkOrFog the Zephyrmancer (level 10, -5/55 HPs)
             Began as a Spriggan Air Elementalist on May 3, 2015.
             Was an Elder of Vehumet.
             Killed from afar by a guardian serpent (27 damage)
             ... with a bolt of poison
             ... on level 9 of the Dungeon.
             The game lasted 00:35:53 (12574 turns).

UseBlinkOrFog the Zephyrmancer (SpAE)              Turns: 12574, Time: 00:35:53

Health: -5/55      AC:  3    Str:  4    XL:     10   Next: 86%
Magic:  6/20       EV: 24    Int: 20    God:    Vehumet [****..]
Gold:   459        SH:  0    Dex: 17    Spells: 2 memorised, 15 levels left

rFire  . . .     SeeInvis +     x - +4 quarterstaff (chaos)
rCold  + . .     Clarity  +     a - +0 robe
rNeg   . . .     SustAb   .     (shield restricted)
rPois  .         Gourm    .     Q - +0 hat
rElec  .         Spirit   .     S - +0 cloak (curse)
rCorr  .         Warding  .     (gloves unavailable)
rMut   .         Stasis   .     (boots unavailable)
MR     +....                    A - amulet of clarity
Stlth  +++.......               p - +3 ring of evasion
                                v - ring of protection from cold

@: lethally poisoned (-5 -> -24), slowed, quick, somewhat resistant to hostile
enchantments, fairly stealthy
A: unfitting armour, see invisible, herbivore 3, speed 3, slow metabolism 2
a: Renounce Religion


You were on level 9 of the Dungeon.
You worshipped Vehumet.
Vehumet was greatly pleased with you.
You were not hungry.

You visited 2 branches of the dungeon, and saw 10 of its levels.

You collected 459 gold pieces.

Inventory:

Hand weapons
 g - a +2 dagger of chaos
 j - a +0 spear
 s - a +2 dagger of venom
 x - a +4 quarterstaff of chaos (weapon)
Armour
 a - a +0 robe (worn)
 Q - a +0 hat (worn)
 S - a cursed +0 cloak (worn)
Jewellery
 l - a +1 ring of slaying
 p - a +3 ring of evasion (right hand)
 r - an uncursed ring of teleportation
 v - a ring of protection from cold (left hand)
 A - an amulet of clarity (around neck)
 I - an uncursed ring of invisibility {unknown}
 J - an uncursed ring of sustain abilities {unknown}
 O - an uncursed ring of ice {unknown}
 P - an uncursed ring of sustain abilities {unknown}
Magical devices
 o - a wand of invisibility (0)
 y - a wand of slowing (23)
Scrolls
 e - 2 scrolls of fear
 n - 3 scrolls of remove curse
 q - a scroll of torment {unknown}
 u - a scroll of amnesia
 B - a scroll of magic mapping
 H - a scroll of blinking {unknown}
 K - 2 scrolls of identify
 L - a scroll of teleportation
 N - a scroll of random uselessness {unknown}
Potions
 d - 3 potions of lignification
 f - 2 potions of heal wounds {unknown}
 h - a potion of haste {unknown}
 i - 4 potions of agility
 k - 4 potions of flight {unknown}
 m - a potion of brilliance
 t - a potion of might
 w - a potion of cancellation
 z - a potion of cure mutation {unknown}
 C - 3 potions of poison {unknown}
 E - a potion of degeneration {unknown}
 G - 2 potions of magic {unknown}
Books
 b - a book of Air

   Spells                             Type                      Level
   a - Shock                          Conjuration/Air              1
   b - Swiftness                      Charms/Air                   2
   c - Repel Missiles                 Charms/Air                   2
   d - Flight                         Charms/Air                   3
   e - Static Discharge               Conjuration/Air              3
   f - Lightning Bolt                 Conjuration/Air              5
 D - a book of Summonings

   Spells                             Type                      Level
   a - Abjuration                     Summoning                    3
   b - Recall                         Summoning/Translocation      3
   c - Shadow Creatures               Summoning                    5
   d - Summon Demon                   Summoning                    5
   e - Summon Forest                  Summoning/Translocation      5
   f - Monstrous Menagerie            Summoning                    6
 F - a Young Poisoner's Handbook

   Spells                             Type                      Level
   a - Sting                          Conjuration/Poison           1
   b - Cure Poison                    Poison                       2
   c - Mephitic Cloud                 Conjuration/Poison/Air       3
   d - Olgreb's Toxic Radiance        Poison                       4
   e - Venom Bolt                     Conjuration/Poison           5
Comestibles
 c - 4 bread rations
 M - 6 royal jellies
 R - 3 fruits


   Skills:
 + Level 7.4 Fighting
 - Level 6.1 Dodging
 - Level 3.0 Stealth
 - Level 6.0 Spellcasting
 - Level 0.6 Conjurations
 * Level 11.9 Air Magic


You had 15 spell levels left.
You knew the following spells:

 Your Spells              Type           Power        Failure   Level  Hunger
a - Lightning Bolt        Conj/Air       ####......   7%          5    #####..
b - Shock                 Conj/Air       ####         1%          1    None


Dungeon Overview and Level Annotations

Branches:
Dungeon (9/15)             Temple (1/1) D:5
   Lair: D:8-11         Orc: D:9-12

Altars:
Ashenzari
Cheibriados
Dithmenos
Elyvilon
Fedhas
Gozag
Kikubaaqudgha
Makhleb
Nemelex Xobeh
Okawaru
Qazlal
Ru
Sif Muna
Trog
Vehumet
Xom
Yredelemnul
Zin
The Shining One


Innate Abilities, Weirdness & Mutations

You are tiny and cannot use many weapons and most armour.
You have supernaturally acute eyesight.
You are a herbivore.
You cover ground extremely quickly.
You need consume almost no food.


Message History

The guardian serpent casts a spell at you.
The bolt of poison misses you.
The guardian serpent coils itself and waves its upper body at you.
You feel as though you will be slow longer.
The guardian serpent coils itself and waves its upper body at you.
The bolt of poison misses you.
The guardian serpent coils itself and waves its upper body at you.
The bolt of poison misses you.
The guardian serpent coils itself and waves its upper body at you.
The bolt of poison hits you!
You are poisoned.
Ouch! That really hurt!
You feel sick.
You feel sick.
You feel sick.
You feel sick.
The guardian serpent coils itself and waves its upper body at you.
The bolt of poison hits you!
You are more poisoned.
You die...

#.. #.## ##.......# ##...
#..# ##.......## ...#
#.###..###...## #.####.....##
###.#. #..##....### #...
#........## ##.. ####
#.........# #..
##..####..####...# ##..
##.#.......@!(#...## ##...
#.#######..#)?#....#####....
##.## #..####....#.....##.
##S## ##............#..###
##.## #S.....[...###..###
#..####.........## ##..##
##..#....>......# #..#
##.S..#........### #..##
#######..####.........###....


You could see a guardian serpent.

Vanquished Creatures
  A queen bee (D:8)
  A troll (D:9)
  A two-headed ogre (D:9)
  2 deep elf magi (D:9)
  6 yaks (D:9)
  2 hippogriffs (D:7)
  A water moccasin (D:6)
  A necrophage (D:9)
  4 ice beasts
  An eye of draining (D:8)
  3 centaurs
  A phantom (D:4)
  4 ogres
  A crocodile (D:9)
  Blork the orc (D:5)
  6 giant frogs
  4 scorpions
  21 killer bees (D:8)
  8 wights (D:6)
  5 giant frog zombies
  A centaur zombie (D:9)
  A wasp zombie (D:8)
  4 crimson imps
  11 orc wizards
  Crazy Yiuf (D:6)
  4 orc priests
  Ijyb (D:2)
  A giant frog skeleton (D:6)
  A centaur skeleton (D:5)
  6 hounds
  8 worker ants
  4 iguanas
  A killer bee zombie (D:6)
  A hound skeleton (D:5)
  8 adders
  5 gnolls
  2 shadow imps
  5 oozes
  7 worms
  6 giant geckos
  27 orcs
  A bat zombie (D:4)
  11 giant cockroaches
  19 goblins
  13 hobgoblins
  11 jackals
  16 kobolds
  5 quokkas
  A ball python skeleton (D:4)
  19 bats
  7 giant newts
  A jackal zombie (D:6)
  19 rats
302 creatures vanquished.

Notes
Turn   | Place    | Note
--------------------------------------------------------------
     0 | D:1      | UseBlinkOrFog, the Spriggan Air Elementalist, began the quest for the Orb.
     0 | D:1      | Reached XP level 1. HP: 9/9 MP: 5/5
   293 | D:1      | Reached XP level 2. HP: 8/13 MP: 5/7
  1115 | D:1      | Reached XP level 3. HP: 15/17 MP: 9/9
  1578 | D:2      | Found a shattered altar of Ashenzari.
  1653 | D:2      | Reached skill level 4 in Spellcasting
  1765 | D:2      | Found an opulent altar of Gozag.
  1816 | D:2      | Found a deep blue altar of Sif Muna.
  1893 | D:2      | Reached XP level 4. HP: 16/21 MP: 4/11
  1982 | D:2      | Reached skill level 1 in Fighting
  2053 | D:2      | Noticed Ijyb
  2110 | D:2      | Killed Ijyb
  2351 | D:2      | Reached XP level 5. HP: 25/25 MP: 2/12
  2470 | D:2      | Found a sacrificial altar of Ru.
  2820 | D:3      | Noticed a centaur
  2837 | D:3      | Killed a centaur
  2973 | D:3      | Found a shimmering altar of Xom.
  2973 | D:3      | Found a burning altar of Makhleb.
  2973 | D:3      | Paralysed by a crimson imp for 4 turns
  3128 | D:3      | Found a sparkling altar of Nemelex Xobeh.
  3162 | D:2      | Reached XP level 6. HP: 20/30 MP: 9/14
  3283 | D:3      | Reached skill level 5 in Dodging
  3283 | D:3      | Reached skill level 5 in Spellcasting
  3960 | D:2      | Found a shadowy altar of Dithmenos.
  3979 | D:2      | Learned a level 5 spell: Lightning Bolt
  4255 | D:2      | Learned a level 1 spell: Shock
  4908 | D:4      | Reached XP level 7. HP: 24/35 MP: 3/16
  5408 | D:4      | Reached skill level 6 in Dodging
  5408 | D:4      | Reached skill level 5 in Air Magic
  5826 | D:4      | Found a snail-covered altar of Cheibriados.
  6178 | D:5      | Entered Level 5 of the Dungeon
  6293 | D:5      | Noticed Blork the orc
  6454 | D:5      | Found a staircase to the Ecumenical Temple.
  6470 | Temple   | Entered the Ecumenical Temple
  6531 | Temple   | Became a worshipper of Vehumet
  6556 | D:5      | Reached XP level 8. HP: 40/40 MP: 13/18
  6586 | D:5      | Killed Blork the orc
  6653 | D:5      | Found a blossoming altar of Fedhas.
  7337 | D:6      | Noticed Crazy Yiuf
  7342 | D:6      | Killed Crazy Yiuf
  7420 | D:6      | Reached skill level 7 in Air Magic
  7715 | D:6      | Acquired Vehumet's first power
  7715 | D:6      | Offered knowledge of Magic Dart by Vehumet.
  8172 | D:6      | Reached skill level 8 in Air Magic
  8279 | D:6      | Reached XP level 9. HP: 46/46 MP: 13/19
  8629 | D:6      | Offered knowledge of Searing Ray by Vehumet.
  8717 | D:7      | Found a stormy altar of Qazlal.
  8740 | D:7      | Reached skill level 5 in Fighting
  8925 | D:7      | Reached skill level 9 in Air Magic
  9470 | D:8      | Reached skill level 10 in Air Magic
  9609 | D:8      | Offered knowledge of Stone Arrow by Vehumet.
  9640 | D:8      | Reached XP level 10. HP: 37/53 MP: 9/20
 10537 | D:8      | Acquired Vehumet's second power
 10704 | D:8      | Noticed a moth of wrath
 10713 | D:8      | Found a bloodstained altar of Trog.
 11079 | D:9      | Offered knowledge of Conjure Flame by Vehumet.
 11127 | D:9      | Reached skill level 11 in Air Magic
 11745 | D:9      | Noticed a guardian serpent
 12247 | D:9      | Acquired Vehumet's third power
 12574 | D:9      | Killed from afar by a guardian serpent

Action                   |  1- 3 |  4- 6 |  7- 9 | 10-12 || total
-------------------------+-------+-------+-------+-------++-------
Melee: Unarmed           |    24 |       |       |       ||    24
       Spear             |    33 |    51 |       |       ||    84
       Dagger            |       |     4 |   109 |       ||   113
       Quarterstaff      |       |       |   100 |    26 ||   126
 Fire: Shortbow          |       |    11 |       |       ||    11
 Cast: Shock             |    79 |   193 |   317 |   268 ||   857
       Lightning Bolt    |       |       |       |     4 ||     4
Evoke: Wand              |       |       |     2 |       ||     2
  Use: Scroll            |       |     6 |     7 |       ||    13
       Potion            |       |       |       |     1 ||     1
 Stab: Sleeping          |     2 |     4 |     7 |     1 ||    14
       Distracted        |       |     1 |       |       ||     1
       Invisible         |       |       |     3 |       ||     3
       Paralysed         |       |       |     2 |       ||     2
  Eat: Royal jelly       |       |     1 |     1 |     2 ||     4
       Pizza             |       |       |     1 |       ||     1
